 Dungeon Crawl Stone Soup version 0.30-a0-862-g1aabd4f9c5 (webtiles) character file.

Game seed: 14170210479724930351

385 FexLirch the Insei (level 6, -2/56 HPs)
             Began as a Gnoll Transmuter on Mar 9, 2023.
             Slain by an ogre
             ... wielding a +0 giant club
              (27 damage)
             ... on level 5 of the Dungeon.
             The game lasted 00:09:09 (4896 turns).

FexLirch the Insei (Gnoll Transmuter)               Turns: 4896, Time: 00:09:10

Health: -2/56      AC:  7    Str:  9    XL:     6   Next: 77%
Magic:  14/14      EV: 11    Int: 27    God:
Gold:   5          SH:  0    Dex: 12    Spells: 3/15 levels left

rFire   x . .      SeeInvis .      - Unarmed
rCold   + + +      Faith    .    (shield currently unavailable)
rNeg    . . .      Spirit   .    a - melded +0 robe
rPois   +          Reflect  .    (helmet currently unavailable)
rElec   .          Rampage  .    i - melded +0 cloak
rCorr   .                        (gloves currently unavailable)
Will    .....                    (boots currently unavailable)
Stlth   ++                       s - amulet of magic regeneration
HPRegen 0.29/turn                b - +6 ring of intelligence
MPRegen 0.54/turn                r - +6 ring of intelligence

@: ice-form, wereblooded
A: freezing attack, amphibious, boosted hp, large, (fangs 1), strong nose,
distributed training
a: End Transformation


You were on level 5 of the Dungeon.
You were a creature of crystalline ice.
You visited 1 branch of the dungeon, and saw 5 of its levels.

You collected 203 gold pieces.
You spent 198 gold pieces at shops.

Inventory:

Missiles
 g - 76 stones
 y - 5 javelins
Armour
 a - a +0 robe (melded)
 i - a +0 cloak (melded)
 q - a +1 hat
Jewellery
 b - a +6 ring of intelligence (left front paw)
 k - a +6 ring of strength
 r - a +6 ring of intelligence (right front paw)
 s - an amulet of magic regeneration (around neck)
 w - a +6 ring of dexterity
Wands
 u - a wand of charming (14)
Scrolls
 c - 3 scrolls of blinking
 e - 5 scrolls of teleportation
 h - a scroll of brand weapon {unknown}
 j - 2 scrolls of fear
 l - a scroll of summoning {unknown}
 m - a scroll of fog
 p - a scroll of vulnerability {unknown}
Potions
 d - a potion of haste
 f - 3 potions of might
 n - 6 potions of curing
 o - a potion of attraction {unknown}
 t - 2 potions of resistance
 v - a potion of mutation {unknown}
 x - a potion of ambrosia {unknown}


   Skills:
 + Level 3.4 Fighting
 + Level 2.2 Short Blades
 + Level 2.2 Long Blades
 + Level 2.2 Axes
 + Level 2.2 Maces & Flails
 + Level 2.2 Polearms
 + Level 2.2 Staves
 + Level 2.2 Ranged Weapons
 + Level 2.2 Throwing
 + Level 2.2 Armour
 + Level 5.1 Dodging
 + Level 2.2 Stealth
 + Level 2.2 Shields
 + Level 6.9 Unarmed Combat
 + Level 5.4 Spellcasting
 + Level 1.7 Conjurations
 + Level 1.7 Hexes
 + Level 1.7 Summonings
 + Level 1.7 Necromancy
 + Level 1.7 Translocations
 + Level 4.2 Transmutations
 + Level 1.7 Fire Magic
 + Level 1.7 Ice Magic
 + Level 1.7 Air Magic
 + Level 1.7 Earth Magic
 + Level 1.7 Poison Magic
 + Level 2.4 Invocations
 + Level 2.2 Evocations


You had 3 spell levels left.
You knew the following spells:

 Your Spells              Type           Power      Damage    Failure   Level
a - Beastly Appendage     Tmut           60%        N/A       1%          1
b - Wereblood             Tmut           30%        N/A       1%          2
c - Ice Form              Ice/Tmut       23%        N/A       21%         4
d - Blade Hands           Tmut           15%        N/A       32%         5

Your spell library contained the following spells:

 Spells                   Type           Power      Damage    Failure   Level
 Freeze                   Ice            64%        1d7       3%          1
 Blink                    Tloc           32%        N/A       4%          2
 Lesser Beckoning         Tloc           32%        N/A       4%          2
 Momentum Strike          Conj/Tloc      32%        3d8       4%          2
 Spider Form              Tmut/Pois      23%        N/A       6%          3
 Frozen Ramparts          Ice            32%        1d5       10%         3
 Hailstorm                Conj/Ice       16%        3d6       10%         3
 Portal Projectile        Hex/Tloc       32%        N/A       10%         3
 Tukima's Dance           Hex            16%        N/A       10%         3


Dungeon Overview and Level Annotations

Branches:
Dungeon (5/15)
 Temple: D:4-7

Altars:

Shops:
D:1 :??   D:4 *


Innate Abilities, Weirdness & Mutations

You are a creature of crystalline ice.
You have a powerful freezing melee attack.
You are amphibious.
Your maximum health is increased.
Your armour is entirely melded.
You are incapable of wielding weapons or throwing items.
((You have very sharp teeth.))
Your uncanny sense of smell can sniff out nearby items.
Your experience applies equally to all skills.


Message History

You turn into a creature of crystalline ice.
Your +0 cloak melds into your body.
Your +0 robe melds into your body.
The orc shouts! x2
Casting: Ice Form (quite dangerous; 21% risk of failure)
Confirm with . or Enter, or press ? or * to list all spells.
Your blood is infused with primal strength.
The orc throws a boomerang.
The boomerang hits you but does no damage.
An ogre comes into view. It is wielding a +0 giant club.
The ogre shouts!
You hit the orc but do no damage. You punch the orc! You freeze the orc.
You kill the orc!
You hit the orc. You freeze the orc.
The orc is moderately wounded.
The orc misses you.
You punch the orc! You freeze the orc.
You kill the orc!
Found 2 stones.
You howl as the wereblood boils in your veins!
The orc hits you but does no damage.
Things that are here:
a +0 club; 2 boomerangs You hit the orc.
You freeze the orc.
The orc is almost dead.
You howl as the wereblood boils in your veins!
The orc hits you but does no damage.
You pummel the orc!! You freeze the orc.
You kill the orc!
The ogre hits you with a +0 giant club!
You punch the ogre! You freeze the ogre.
The ogre is heavily wounded.
The ogre hits you with a +0 giant club!!
You are too injured to fight recklessly!
You hit the ogre but do no damage.
The ogre is heavily wounded.
You hit the ogre. You freeze the ogre.
The ogre is severely wounded.
The ogre hits you with a +0 giant club!!
You die...

##..........
###.######
#.##.(.# #.##
#......# #..#
#......# ##.##
#......# #..#
#......# ##.####
#......# #....##
#)O....# ####..#
#Y#######
#####.####.)......
#.......>..#######
#.##########


You could see an ogre.

Vanquished Creatures
  A hound (D:4)
  2 orc priests
  2 jellies
  An iguana (D:5)
  An orc wizard (D:4)
  8 adders
  An ufetubus (D:3)
  2 worms (D:2)
  4 dart slugs
  9 orcs
  8 ball pythons
  4 endoplasms
  3 giant cockroaches
  5 goblins
  6 hobgoblins
  7 jackals
  4 quokkas
  4 bats
  A frilled lizard (D:3)
  13 kobolds
  6 rats (D:3)
92 creatures vanquished.

Notes
Turn   | Place    | Note
-------+----------+-------------------------------------------
     0 | D:1      | FexLirch the Gnoll Transmuter began the quest for the Orb.
     0 | D:1      | Reached XP level 1. HP: 17/17 MP: 6/6
   135 | D:1      | Found Liceiwot's Magic Scroll Shop.
   388 | D:1      | Reached XP level 2. HP: 21/23 MP: 5/7
   400 | D:1      | Learned a level 2 spell: Wereblood
   498 | D:1      | Found Fiat Vutz's Book Shop.
   601 | D:1      | Found Geytrut's Magic Scroll Shoppe.
   615 | D:1      | Bought a scroll of fear for 40 gold pieces
   615 | D:1      | Bought a scroll of fog for 40 gold pieces
   667 | D:1      | Reached skill level 5 in Spellcasting
   667 | D:1      | Reached XP level 3. HP: 26/28 MP: 7/9
  1253 | D:2      | Reached skill level 1 in Invocations
  1286 | D:2      | Reached skill level 1 in Short Blades
  1286 | D:2      | Reached skill level 1 in Long Blades
  1286 | D:2      | Reached skill level 1 in Axes
  1286 | D:2      | Reached skill level 1 in Maces & Flails
  1286 | D:2      | Reached skill level 1 in Polearms
  1286 | D:2      | Reached skill level 1 in Staves
  1286 | D:2      | Reached skill level 1 in Ranged Weapons
  1286 | D:2      | Reached skill level 1 in Throwing
  1286 | D:2      | Reached skill level 1 in Armour
  1286 | D:2      | Reached skill level 1 in Stealth
  1286 | D:2      | Reached skill level 1 in Shields
  1286 | D:2      | Reached skill level 1 in Evocations
  1538 | D:2      | Reached XP level 4. HP: 31/34 MP: 8/11
  1543 | D:2      | Learned a level 4 spell: Ice Form
  2214 | D:3      | Reached skill level 1 in Conjurations
  2214 | D:3      | Reached skill level 1 in Hexes
  2214 | D:3      | Reached skill level 1 in Summonings
  2214 | D:3      | Reached skill level 1 in Necromancy
  2214 | D:3      | Reached skill level 1 in Translocations
  2214 | D:3      | Reached skill level 1 in Fire Magic
  2214 | D:3      | Reached skill level 1 in Ice Magic
  2214 | D:3      | Reached skill level 1 in Air Magic
  2214 | D:3      | Reached skill level 1 in Earth Magic
  2214 | D:3      | Reached skill level 1 in Poison Magic
  2318 | D:3      | Reached XP level 5. HP: 35/40 MP: 12/12
  2971 | D:3      | Learned a level 5 spell: Blade Hands
  3197 | D:4      | Reached XP level 6. HP: 45/47 MP: 13/13
  3510 | D:4      | Reached skill level 5 in Dodging
  3561 | D:4      | Found Gecw's General Store.
  3564 | D:4      | Bought a scroll of teleportation for 36 gold pieces
  4602 | D:1      | Bought a scroll of blinking for 82 gold pieces
  4729 | D:5      | Entered Level 5 of the Dungeon
  4896 | D:5      | Slain by an ogre

Illustrated notes

Levels and vault maps discovered:
D:1:      heliophobic_arrival_dark_side_of_the_moon, layout_basic, serial_shops,
          nicolae_square_shop, shop_statue, shop
D:2:      layout_basic, minmay_tromino_i4
D:3:      layout_loops_ring, st_stairs_2
D:4:      layout_layer_cave, serial_shops, nicolae_shop_behind_doors,
          minmay_misc_feat_chi, nicolae_hexahallways
D:5:      layout_basic, lemuel_tele_altar, temple_green

Skill      XL: |  1  2  3  4  5  6 |
---------------+-------------------+-----
Spellcasting   | 5 |  5.4
Invocations    | 1 2 |  2.4
Short Blades   | 1 2 |  2.2
Long Blades    | 1 2 |  2.2
Axes           | 1 2 |  2.2
Maces & Flails | 1 2 |  2.2
Polearms       | 1 2 |  2.2
Staves         | 1 2 |  2.2
Ranged Weapons | 1 2 |  2.2
Throwing       | 1 2 |  2.2
Armour         | 1 2 |  2.2
Stealth        | 1 2 |  2.2
Shields        | 1 2 |  2.2
Evocations     | 1 2 |  2.2
Conjurations   | 1 |  1.7
Hexes          | 1 |  1.7
Summonings     | 1 |  1.7
Necromancy     | 1 |  1.7
Translocations | 1 |  1.7
Fire Magic     | 1 |  1.7
Ice Magic      | 1 |  1.7
Air Magic      | 1 |  1.7
Earth Magic    | 1 |  1.7
Poison Magic   | 1 |  1.7
Fighting       | 3 |  3.4
Transmutations | 4 |  4.2
Dodging        | 5 |  5.1
Unarmed Combat | |  6.9

Action                     |  1- 3 |  4- 6 || total
---------------------------+-------+-------++-------
  Melee: Unarmed           |    71 |   147 ||   218
         Kick              |    11 |    15 ||    26
         Headbutt          |     7 |     7 ||    14
         Bite              |     2 |     5 ||     7
         Punch             |     1 |     4 ||     5
   Cast: Beastly Appendage |    15 |    16 ||    31
         Wereblood         |     3 |    14 ||    17
         Ice Form          |       |     7 ||     7
    Use: Potion            |       |     1 ||     1
         Scroll            |       |     4 ||     4
   Stab: Sleeping          |       |     5 ||     5
 Armour: Robe              |    11 |    18 ||    29
         Skin              |       |    18 ||    18
  Dodge: Dodged            |    36 |    97 ||   133

Table legend: (Time is in decaauts)
 A = Elapsed time spent in this place.
 B = Non-inter-level travel time spent in this place.
 C = Inter-level travel time spent in this place.
 D = Time resting spent in this place.
 E = Time spent auto-exploring this place.
 F = Levels seen in this place.
 G = Mean time per level.
                   A        B        C        D        E       F      G
               +--------+--------+--------+--------+--------+-----+--------+
         Total |   4869 |   4466 |    403 |      0 |   3712 |   5 |  973.8 |
       Dungeon |   4869 |   4466 |    403 |      0 |   3712 |   5 |  973.8 |
               +--------+--------+--------+--------+--------+-----+--------+

Top non-repeatable levels by time:
     D:4: 1566 daAuts
     D:1: 1201 daAuts
     D:2: 988 daAuts
     D:3: 948 daAuts
     D:5: 165 daAuts
